[Event "ICC tourney 2532 (25 5)"]
[Site "Internet Chess Club"]
[Date "2021.04.25"]
[Round "7"]
[White "PHILIP MOOR, NATHANIEL:K12-15012516"]
[Black "GNANAKUMAR, SATHYA:K12-14762706"]
[Result "1-0"]
[ICCResult "Black resigns"]
[WhiteElo "2180"]
[BlackElo "1960"]
[Opening "French: MacCutcheon, Chigorin variation"]
[ECO "C12"]
[NIC "FR.05"]
[Time "15:01:45"]
[PlyCount "51"]
[TimeControl "1500+5"]

1. e4 e6 2. d4 d5 3. Nc3 Nf6 4. Bg5 Bb4 5. e5 h6 6. exf6 hxg5 7. fxg7 Rg8
8. h4 gxh4 9. Qh5 Qf6 10. O-O-O Be7 11. Nf3 Qxg7 12. Kb1 Rh8 13. Qe5 Qxe5
14. dxe5 a6 15. g3 Nd7 16. gxh4 c5 17. Bg2 b5 18. a3 Bb7 19. Rde1 b4 20.
axb4 cxb4 21. Ne2 a5 22. Ned4 a4 23. Ng5 a3 24. f4 axb2 25. f5 Ra2 26. Kxa2
{ Black resigns } 1-0

[Event "ICC tourney 2532 (25 5)"]
[Site "Internet Chess Club"]
[Date "2021.04.25"]
[Round "7"]
[White "JOSHI, RAJAS:K12-16991627"]
[Black "S BHARGAVA, YASH:K12-16100156"]
[Result "0-1"]
[ICCResult "White resigns"]
[WhiteElo "749"]
[BlackElo "1772"]
[Opening "Ruy Lopez: Cozio defense"]
[ECO "C60"]
[NIC "RL.04"]
[Time "15:01:05"]
[PlyCount "88"]
[TimeControl "1500+5"]

1. e4 e5 2. Nf3 Nc6 3. Bb5 Nge7 4. O-O g6 5. Nc3 Bg7 6. d3 O-O 7. Be3 d6 8.
Qd2 Be6 9. Bxc6 Nxc6 10. Bh6 Qd7 11. Bxg7 Kxg7 12. Rfc1 f5 13. exf5 Rxf5
14. Re1 Raf8 15. Rad1 h6 16. Ra1 R5f7 17. Qe3 Bg4 18. Nd2 Rxf2 19. h3 Be6
20. Nb5 a6 21. Nc3 R2f7 22. Nde4 Nb4 23. Qc1 Nc6 24. b3 Nd4 25. Rd1 b5 26.
b4 Rf4 27. a3 Bf5 28. Ng3 Be6 29. Nge4 R4f7 30. Rb1 Bd5 31. Qd2 Be6 32. Qc1
Bxh3 33. Qe3 Bxg2 34. Kxg2 Rf3 35. Qxf3 Rxf3 36. Nf2 Qf5 37. Nce4 d5 38.
Rd2 dxe4 39. c3 Qg5+ 40. Kh1 Qxd2 41. Rf1 Rxf2 42. Rxf2 Qxf2 43. cxd4 e3
44. a4 e2 { White resigns } 0-1

[Event "ICC tourney 2532 (25 5)"]
[Site "Internet Chess Club"]
[Date "2021.04.25"]
[Round "7"]
[White "WANG, JUSTIN:K12-14930904"]
[Black "OSKIPER, CONSTANTINE:K12-14338863"]
[Result "0-1"]
[ICCResult "White resigns"]
[WhiteElo "2540"]
[BlackElo "1909"]
[Opening "Grünfeld: modern exchange variation"]
[ECO "D85"]
[NIC "GI.04"]
[Time "15:01:34"]
[PlyCount "104"]
[TimeControl "1500+5"]

1. d4 Nf6 2. c4 g6 3. Nc3 d5 4. cxd5 Nxd5 5. e4 Nxc3 6. bxc3 Bg7 7. Nf3 c5
8. Be3 O-O 9. Qd2 Nc6 10. d5 Qa5 11. Rc1 Rd8 12. Bg5 Bg4 13. Be2 Bxf3 14.
Bxf3 Rd7 15. O-O e6 16. Rfd1 Ne5 17. Be2 exd5 18. exd5 c4 19. f4 Qc5+ 20.
Kh1 Nd3 21. Bxd3 Qxd5 22. f5 cxd3 23. f6 Bh8 24. Rf1 Re8 25. Rce1 Rxe1 26.
Rxe1 Rd8 27. Rf1 Qe6 28. Kg1 Rd6 29. Rf3 Qc4 30. Rf4 Qc5+ 31. Rf2 Bxf6 32.
Bf4 Rd5 33. Be3 Qxc3 34. Bxa7 Qa3 35. Rxf6 Qxa7+ 36. Kh1 Qd4 37. Rf1 Rc5
38. Qe1 Re5 39. Qb1 b5 40. Qb3 Rf5 41. Rd1 d2 42. Qc2 Qf2 43. h3 Qe1+ 44.
Kh2 Qe5+ 45. Kh1 Rf2 46. Rg1 Re2 47. Qd3 h6 48. a3 Qe4 49. Qd8+ Kg7 50. Qd6
Qe5 51. Qd3 Qe3 52. Qd5 Re1 { White resigns } 0-1

[Event "ICC tourney 2532 (25 5)"]
[Site "Internet Chess Club"]
[Date "2021.04.25"]
[Round "7"]
[White "MENG, MICHAEL:K12-15693368"]
[Black "STIG MELLODY, MARCUS:K12-14740377"]
[Result "1-0"]
[ICCResult "Black resigns"]
[WhiteElo "728"]
[BlackElo "1713"]
[Opening "Neo-Grünfeld defense"]
[ECO "D70"]
[NIC "QP.06"]
[Time "15:01:41"]
[PlyCount "67"]
[TimeControl "1500+5"]

1. d4 Nf6 2. Nf3 g6 3. c4 d5 4. cxd5 Nxd5 5. e4 Nf6 6. Nc3 Bg7 7. Bc4 O-O
8. O-O c5 9. dxc5 Qc7 10. Be3 Nbd7 11. Qe2 Nxc5 12. e5 Nfd7 13. Nd5 Qd8 14.
Bg5 Re8 15. Rad1 a6 16. Nf4 h6 17. Bxf7+ Kxf7 18. e6+ Kg8 19. exd7 Bxd7 20.
Qc4+ Kh7 21. Bxh6 Kxh6 22. Qxc5 e5 23. Nd5 Rc8 24. Qe3+ Kh7 25. Nb6 Rc7 26.
Ng5+ Kg8 27. Qb3+ Be6 28. Nxe6 Qe7 29. Nxc7+ Kh7 30. Nxe8 Qxe8 31. Rd7 e4
32. Qf7 Qxf7 33. Rxf7 Kg8 34. Rxb7 { Black resigns } 1-0

[Event "ICC tourney 2532 (25 5)"]
[Site "Internet Chess Club"]
[Date "2021.04.25"]
[Round "7"]
[White "MCCANN, ANDREW:K12-15045914"]
[Black "GARZA, JOSEPH:K12-14921655"]
[Result "1/2-1/2"]
[ICCResult "White stalemated"]
[WhiteElo "392"]
[BlackElo "999"]
[Opening "Philidor's defense"]
[ECO "C41"]
[NIC "KP.10"]
[Time "15:00:50"]
[PlyCount "124"]
[TimeControl "1500+5"]

1. e4 e5 2. Nf3 d6 3. Bc4 h6 4. d4 Bd7 5. dxe5 dxe5 6. Nxe5 Nf6 7. Nxf7 Qe7
8. Nxh8 Qb4+ 9. Nd2 Nxe4 10. O-O Nxd2 11. Bxd2 Qxc4 12. Re1+ Be7 13. Ng6
Nc6 14. a3 Qf7 15. Nxe7 Nxe7 16. Bb4 O-O-O 17. Rxe7 Qf6 18. c3 Bc6 19. Qg4+
Kb8 20. Re6 Qf7 21. Qh4 Rd2 22. Rae1 a6 23. h3 g5 24. Qg3 Rxb2 25. Re7 Qd5
26. Qxc7+ Ka7 27. Qg3 a5 28. Qe3+ Ka6 29. Qf3 Qxf3 30. gxf3 axb4 31. axb4
Bxf3 32. Ra1+ Kb5 33. Re5+ Kc4 34. Rc5+ Kd3 35. Re5 Kc4 36. Rf5 Be4 37. Re5
Bf3 38. Rf1 Rb3 39. Kh2 Rxc3 40. Re3 Kxb4 41. Rb1+ Kc4 42. Ra1 b5 43. Rxc3+
Kxc3 44. Ra3+ Kc2 45. Rxf3 b4 46. Rf5 b3 47. Rb5 b2 48. Kg3 b1=Q 49. Rxb1
Kxb1 50. f4 gxf4+ 51. Kxf4 Kc2 52. h4 Kd3 53. h5 Kd4 54. Kf5 Ke3 55. Kg6
Kf4 56. Kxh6 Kf5 57. Kh7 Kf6 58. h6 Kf7 59. Kh8 Kf8 60. Kh7 Kf7 61. Kh8 Kf8
62. h7 Kf7 { White stalemated } 1/2-1/2

[Event "ICC tourney 2532 (25 5)"]
[Site "Internet Chess Club"]
[Date "2021.04.25"]
[Round "7"]
[White "REDDY, KETHAN:K12-16466260"]
[Black "EISENMAN, KATHERINE:K12-15352585"]
[Result "0-1"]
[ICCResult "White checkmated"]
[WhiteElo "1001"]
[BlackElo "1557"]
[Opening "Queen's pawn game"]
[ECO "D04"]
[NIC "QP.08"]
[Time "15:00:41"]
[PlyCount "114"]
[TimeControl "1500+5"]

1. d4 d5 2. Nf3 Nf6 3. e3 Bf5 4. Bd3 Bg6 5. b3 e6 6. Bb2 Nbd7 7. O-O Bd6 8.
Nbd2 c5 9. dxc5 Nxc5 10. Bxg6 hxg6 11. Re1 Qc7 12. h3 O-O-O 13. Kf1 Kb8 14.
Qb1 e5 15. Ke2 Nce4 16. Rf1 Nc3+ 17. Bxc3 Qxc3 18. Kd1 e4 19. Nd4 Be5 20.
Qc1 Bxd4 21. exd4 Qxd4 22. Rb1 Rc8 23. c4 dxc4 24. bxc4 Rhd8 25. Ke1 e3 26.
Nf3 exf2+ 27. Rxf2 Re8+ 28. Kf1 Qd3+ 29. Kg1 Qxc4 30. Qb2 b6 31. Rff1 Qc3
32. Qxc3 Rxc3 33. Rf2 Rec8 34. Rbf1 Rc1 35. Rxc1 Rxc1+ 36. Kh2 Rc5 37. Kg3
Ne4+ 38. Kf4 Nxf2 39. Ne1 Nd1 40. Nd3 Rf5+ 41. Ke4 Nf2+ 42. Nxf2 Rxf2 43.
Ke5 Kc7 44. Kd5 Rxa2 45. g4 Rc2 46. Kd4 a5 47. Kd3 Rc5 48. Kd4 a4 49. Ke4
a3 50. Ke3 a2 51. Kd2 a1=Q 52. Kd3 Rd5+ 53. Kc4 Qd4+ 54. Kb3 Qe4 55. Kc3
Rd3+ 56. Kc2 Qe2+ 57. Kc1 Rd1# { White checkmated } 0-1

[Event "ICC tourney 2532 (25 5)"]
[Site "Internet Chess Club"]
[Date "2021.04.25"]
[Round "7"]
[White "ESPINOSA, PEDRO:K12-14987738"]
[Black "KUMARAPPAN, GANESH:K12-14920281"]
[Result "0-1"]
[ICCResult "White checkmated"]
[WhiteElo "2200"]
[BlackElo "2004"]
[Opening "Sicilian: Nimzovich-Rossolimo attack (without ...d6)"]
[ECO "B30"]
[NIC "SI.31"]
[Time "15:01:05"]
[PlyCount "80"]
[TimeControl "1500+5"]

1. e4 c5 2. Nf3 Nc6 3. Bb5 e6 4. O-O Nge7 5. d4 cxd4 6. Nxd4 Qb6 7. Nxc6
bxc6 8. Bd3 Ng6 9. c4 Be7 10. Nc3 O-O 11. Rb1 c5 12. f4 Bb7 13. Be3 Qd8 14.
Bc2 Rb8 15. Qd2 a6 16. Rfd1 Bc6 17. b3 Qc7 18. e5 Qb7 19. g3 Rbd8 20. Qf2
f6 21. exf6 Bxf6 22. Ne2 d6 23. Bc1 Rf7 24. Bb2 Bxb2 25. Rxb2 Ne5 26. h3 g5
27. Qe3 Nf3+ 28. Kf1 gxf4 29. Nxf4 e5 30. Nd5 Nd4+ 31. Kg1 Bxd5 32. Qg5+
Kh8 33. Qxd8+ Kg7 34. Qg5+ Kh8 35. Rxd4 cxd4 36. cxd5 Qxd5 37. Bd1 d3 38.
Bh5 Qd4+ 39. Kh1 Rf1+ 40. Kg2 Qg1# { White checkmated } 0-1

[Event "ICC tourney 2532 (25 5)"]
[Site "Internet Chess Club"]
[Date "2021.04.25"]
[Round "7"]
[White "BABLANI, ARNAV:K12-16018565"]
[Black "LU, SAMUEL:K12-16373562"]
[Result "1-0"]
[ICCResult "Black resigns"]
[WhiteElo "1078"]
[BlackElo "1615"]
[Opening "Sicilian: dragon variation"]
[ECO "B70"]
[NIC "SI.15"]
[Time "15:01:45"]
[PlyCount "65"]
[TimeControl "1500+5"]

1. e4 c5 2. Nf3 d6 3. d4 cxd4 4. Nxd4 Nf6 5. Nc3 g6 6. Bg5 Bg7 7. Bd3 O-O
8. O-O Nc6 9. Nxc6 bxc6 10. Bxf6 Bxf6 11. Qf3 Qb6 12. Rab1 Rb8 13. Nd1 Be6
14. a3 d5 15. c3 Rfd8 16. Re1 Bd7 17. e5 Bg7 18. c4 e6 19. cxd5 cxd5 20.
Nc3 Qc7 21. Qg3 Bf8 22. h4 Bc6 23. h5 Qe7 24. Re3 Bh6 25. Ree1 Kh8 26. Qh3
Qg5 27. hxg6 hxg6 28. Re3 Kg7 29. Rg3 Qxe5 30. Qh4 Rh8 31. Qe7 Bf4 32.
Rxg6+ Kh7 33. Qxf7+ { Black resigns } 1-0

[Event "ICC tourney 2532 (25 5)"]
[Site "Internet Chess Club"]
[Date "2021.04.25"]
[Round "7"]
[White "AMRAM, ARON:K12-14805835"]
[Black "REMPE, MIEKE:K12-15043484"]
[Result "1-0"]
[ICCResult "Black forfeits on time"]
[WhiteElo "1093"]
[BlackElo "1704"]
[Opening "Caro-Kann: advance variation"]
[ECO "B12"]
[NIC "CK.04"]
[Time "15:00:56"]
[PlyCount "71"]
[TimeControl "1500+5"]

1. e4 c6 2. d4 d5 3. e5 Bf5 4. h4 h5 5. Bd3 Bxd3 6. Qxd3 e6 7. Nf3 Qc7 8.
Be3 Ne7 9. Nbd2 Nf5 10. c3 Nd7 11. Nb3 Nb6 12. Nfd2 Be7 13. Bg5 c5 14. Bxe7
Nxe7 15. Nxc5 Nf5 16. Ncb3 O-O 17. Qf3 g6 18. g4 Ng7 19. Rg1 Kh7 20. Nc5
Qe7 21. Qg3 Rg8 22. Nd3 Nd7 23. Nf4 b5 24. Rh1 b4 25. Qd3 Kh8 26. Nf3 hxg4
27. Ng5 Nh5 28. Nxh5 f5 29. exf6 Nxf6 30. Nxf6 Qxf6 31. Qe3 e5 32. Kd2 exd4
33. Qxd4 Qxd4+ 34. cxd4 Rae8 35. Rhe1 Ref8 36. Re2 { Black forfeits on time
} 1-0

[Event "ICC tourney 2532 (25 5)"]
[Site "Internet Chess Club"]
[Date "2021.04.25"]
[Round "7"]
[White "SU, KENNETH:K12-15191452"]
[Black "QIAN, ANDREW:K12-15377570"]
[Result "1/2-1/2"]
[ICCResult "Game drawn by mutual agreement"]
[WhiteElo "2160"]
[BlackElo "1591"]
[Opening "Giuoco Piano"]
[ECO "C50"]
[NIC "IG.02"]
[Time "15:01:05"]
[PlyCount "83"]
[TimeControl "1500+5"]

1. e4 e5 2. Nf3 Nc6 3. Bc4 Bc5 4. Qe2 Nf6 5. c3 a6 6. O-O O-O 7. Bb3 d6 8.
d3 h6 9. h3 Re8 10. Rd1 Be6 11. Bc2 Bb6 12. Nbd2 Qd7 13. Nf1 Rad8 14. Ne3
d5 15. g4 dxe4 16. dxe4 Qe7 17. Nf5 Rxd1+ 18. Bxd1 Qd7 19. Bc2 Bxf5 20.
gxf5 Rd8 21. Kh2 Nh5 22. Be3 Bxe3 23. fxe3 Nf6 24. Rd1 Qe7 25. Rg1 Kh7 26.
Qg2 Rg8 27. Qg3 g6 28. Qh4 Nh5 29. Qxe7 Nxe7 30. Nxe5 gxf5 31. exf5 Rxg1
32. Kxg1 Kg7 33. Ng4 Nf6 34. Kf2 Nxg4+ 35. hxg4 Kf6 36. Kf3 Kg5 37. Bb3 f6
38. Bf7 Nc6 39. Bd5 Ne5+ 40. Kg3 c6 41. Bf3 Nc4 42. b3 { Game drawn by
mutual agreement } 1/2-1/2

[Event "ICC tourney 2532 (25 5)"]
[Site "Internet Chess Club"]
[Date "2021.04.25"]
[Round "7"]
[White "IYER, AKSHAT:K12-15718767"]
[Black "K SANFORD, HARRISON:K12-14321340"]
[Result "0-1"]
[ICCResult "White resigns"]
[WhiteElo "1621"]
[BlackElo "2005"]
[Opening "Sicilian: dragon, 6.Be3"]
[ECO "B72"]
[NIC "SI.16"]
[Time "15:01:05"]
[PlyCount "72"]
[TimeControl "1500+5"]

1. e4 c5 2. Nf3 d6 3. d4 cxd4 4. Nxd4 Nf6 5. Nc3 g6 6. Be3 Bg7 7. Qd2 Ng4
8. f3 Nxe3 9. Qxe3 Nc6 10. Nxc6 bxc6 11. Bc4 Qb6 12. Qf4 O-O 13. Bb3 Qb4
14. Qd2 a5 15. a3 Qc5 16. Na4 Qh5 17. O-O Rb8 18. f4 Ba6 19. Rf3 Bc8 20.
Raf1 Bg4 21. Rg3 Bd7 22. f5 gxf5 23. exf5 Rb5 24. Rh3 Qg4 25. Rf4 Qg5 26.
Rg3 Qh6 27. Rh3 Qf6 28. g4 Bh6 29. g5 Bxg5 30. Rg4 Rxf5 31. Qd3 Qe5 32.
Rxg5+ Rxg5+ 33. Rg3 Rxg3+ 34. Qxg3+ Qxg3+ 35. hxg3 Rb8 36. Nc3 Bf5 { White
resigns } 0-1

[Event "ICC tourney 2532 (25 5)"]
[Site "Internet Chess Club"]
[Date "2021.04.25"]
[Round "7"]
[White "GUO, ARTHUR:K12-14772092"]
[Black "KUMAR KOTHAPALLI, PRADHYUMNA:K12-15273893"]
[Result "0-1"]
[ICCResult "White resigns"]
[WhiteElo "2447"]
[BlackElo "2140"]
[Opening "Sicilian: Najdorf"]
[ECO "B90"]
[NIC "SI.14"]
[Time "15:00:31"]
[PlyCount "50"]
[TimeControl "1500+5"]

1. e4 c5 2. Nf3 d6 3. d4 cxd4 4. Nxd4 Nf6 5. Nc3 a6 6. Rg1 e5 7. Nb3 Be6 8.
g4 d5 9. exd5 Nxd5 10. Nxd5 Qxd5 11. Be3 Nc6 12. Qxd5 Bxd5 13. Bb6 Nb4 14.
Kd2 Rc8 15. c3 Nc6 16. g5 g6 17. Bh3 Ra8 18. Rad1 h6 19. Kc2 hxg5 20. Rxd5
Rxh3 21. Rxg5 Rc8 22. a3 Rxh2 23. Na5 f6 24. Rxg6 Ne7 25. Rxf6 Nxd5 { White
resigns } 0-1

[Event "ICC tourney 2532 (25 5)"]
[Site "Internet Chess Club"]
[Date "2021.04.25"]
[Round "7"]
[White "KUMAR TIBREWAL, AYUSH:K12-14952527"]
[Black "K HARRIS, ALEX:K12-14223018"]
[Result "1-0"]
[ICCResult "Black forfeits on time"]
[WhiteElo "1152"]
[BlackElo "1805"]
[Opening "Sicilian: closed"]
[ECO "B23"]
[NIC "SI.44"]
[Time "15:00:49"]
[PlyCount "71"]
[TimeControl "1500+5"]

1. e4 c5 2. Nc3 d6 3. Nf3 Nf6 4. d3 Nc6 5. Bg5 e6 6. d4 cxd4 7. Nxd4 Be7 8.
Bb5 Qb6 9. Be3 Qc7 10. O-O Bd7 11. Bd3 a6 12. Nxc6 Bxc6 13. Qf3 O-O-O 14.
Rad1 d5 15. exd5 exd5 16. Qf5+ Bd7 17. Nxd5 Nxd5 18. Qxd5 Bd6 19. g3 Bc6
20. Qf5+ Kb8 21. Bc4 f6 22. Rd3 Rde8 23. Re1 Be4 24. Ba7+ Kxa7 25. Rxe4 g6
26. Qf3 f5 27. Rxe8 Rxe8 28. Qd5 Bc5 29. Rd2 Qb6 30. Kg2 Re4 31. b3 Bb4 32.
Rd1 Be1 33. f3 Qf2+ 34. Kh3 Re7 35. Qd6 Re8 36. Bxa6 { Black forfeits on
time } 1-0

[Event "ICC tourney 2532 (25 5)"]
[Site "Internet Chess Club"]
[Date "2021.04.25"]
[Round "7"]
[White "WHITE, GABRIEL:K12-14675560"]
[Black "VANDERKOLK, ETHAN:K12-15405072"]
[Result "1-0"]
[ICCResult "Black checkmated"]
[WhiteElo "1889"]
[BlackElo "1088"]
[Opening "Caro-Kann: exchange variation"]
[ECO "B13"]
[NIC "CK.02"]
[Time "15:00:26"]
[PlyCount "77"]
[TimeControl "1500+5"]

1. e4 c6 2. d4 d5 3. exd5 cxd5 4. Bd3 Nf6 5. c3 e6 6. Nf3 Bd6 7. Bg5 h6 8.
Bh4 Be7 9. Nbd2 Nc6 10. O-O Qc7 11. Re1 a6 12. Rc1 b5 13. a4 bxa4 14. Qxa4
Bd7 15. Qa2 O-O 16. Ne5 Be8 17. Ndf3 Nd7 18. Nxc6 Bxh4 19. Nb4 Be7 20. Nxd5
exd5 21. Rxe7 Qf4 22. Rce1 Nf6 23. Qa5 Bb5 24. Bxb5 axb5 25. Qxb5 Rfb8 26.
Qc6 Ra2 27. b4 Ne4 28. Qxd5 Nxc3 29. Qb3 Rc8 30. Re8+ Rxe8 31. Rxe8+ Kh7
32. Qxc3 g5 33. h3 h5 34. d5 f6 35. g3 Qf5 36. Qc7+ Qd7 37. Qxd7+ Kg6 38.
Rg8+ Kh6 39. Qg7# { Black checkmated } 1-0

[Event "ICC tourney 2532 (25 5)"]
[Site "Internet Chess Club"]
[Date "2021.04.25"]
[Round "7"]
[White "MORAN, ELLA:K12-14650774"]
[Black "RIONAULA, LEONARD:K12-15936796"]
[Result "1-0"]
[ICCResult "Black checkmated"]
[WhiteElo "1786"]
[BlackElo "1116"]
[Opening "QGD: Marshall defense"]
[ECO "D06"]
[NIC "QP.08"]
[Time "15:01:05"]
[PlyCount "145"]
[TimeControl "1500+5"]

1. d4 d5 2. c4 Nf6 3. Nc3 Bf5 4. Nf3 h6 5. cxd5 Nxd5 6. Qb3 Nxc3 7. bxc3 b6
8. Bf4 e6 9. e3 Bd6 10. Ne5 O-O 11. Bg3 f6 12. Nd3 Nc6 13. Be2 Kh8 14. Nf4
e5 15. Ne6 Bxe6 16. Qxe6 exd4 17. Bxd6 Qxd6 18. Qxd6 cxd6 19. cxd4 Nb4 20.
O-O Rfe8 21. a3 Nd5 22. Bf3 Nc7 23. Bxa8 Rxa8 24. Rfc1 Ne6 25. Rc6 Rd8 26.
Rac1 Kh7 27. h3 h5 28. Rc8 Rd7 29. a4 Kg6 30. Ra1 d5 31. a5 b5 32. Rb1 Rb7
33. Rc6 Ng5 34. Rc5 b4 35. f3 Re7 36. Kf2 h4 37. Rxb4 Re6 38. Rxd5 Ra6 39.
Rdb5 Nf7 40. Rd5 Rc6 41. Rc5 Ra6 42. Rb7 Nd6 43. Rd7 Nf5 44. Rcc7 Rxa5 45.
Rxa7 Rb5 46. Rdb7 Rxb7 47. Rxb7 Nd6 48. Rd7 Nc4 49. d5 Ne5 50. Ra7 Kf5 51.
Rxg7 Nd3+ 52. Ke2 Nc5 53. e4+ Ke5 54. Re7+ Kd6 55. Rh7 f5 56. Rxh4 fxe4 57.
fxe4 Ke5 58. Rg4 Nb3 59. h4 Nd4+ 60. Kd3 Nb5 61. h5 Nd6 62. h6 Nf7 63. h7
Kf6 64. Rf4+ Kg7 65. Rxf7+ Kxf7 66. h8=Q Kg6 67. Qf8 Kh7 68. g4 Kg6 69.
Qf5+ Kg7 70. d6 Kh6 71. d7 Kg7 72. d8=Q Kh6 73. Qdg5# { Black checkmated }
1-0

[Event "ICC tourney 2532 (25 5)"]
[Site "Internet Chess Club"]
[Date "2021.04.25"]
[Round "7"]
[White "KUSHALNAGAR, NIRUPAM:K12-17349316"]
[Black "IYER, MANTRA:K12-15233290"]
[Result "0-1"]
[ICCResult "White resigns"]
[WhiteElo "1328"]
[BlackElo "1866"]
[Opening "Queen's bishop game"]
[ECO "D00"]
[NIC "QP.08"]
[Time "15:02:00"]
[PlyCount "90"]
[TimeControl "1500+5"]

1. d4 d5 2. Bf4 Nf6 3. Nf3 e6 4. e3 c5 5. c3 Nc6 6. Nbd2 Bd6 7. Bg3 O-O 8.
Bd3 b6 9. O-O Bb7 10. Ne5 Ne7 11. f4 Nf5 12. Bf2 cxd4 13. exd4 Ne4 14. g3
Bxe5 15. fxe5 Qg5 16. Nf3 Qg6 17. Qe2 Rae8 18. Nd2 h5 19. Kh1 Ng5 20. Be3
Ne4 21. Bf4 f6 22. Rae1 fxe5 23. Bxe5 Nh6 24. Bf4 Ng4 25. Nxe4 dxe4 26.
Bxe4 Bxe4+ 27. Qxe4 Qxe4+ 28. Rxe4 g5 29. h3 Nh6 30. Bxg5 Rxf1+ 31. Kg2
Ref8 32. g4 Kh7 33. Rxe6 R8f2+ 34. Kg3 Nf7 35. Re7 hxg4 36. Be3 Rf3+ 37.
Kxg4 Kg6 38. h4 Nh6+ 39. Bxh6 Kxh6 40. Rxa7 Rf4+ 41. Kg3 R4f3+ 42. Kg4 Rf6
43. h5 Rf8 44. Kh3 Rg8 45. Kh2 Rf5 { White resigns } 0-1

[Event "ICC tourney 2532 (25 5)"]
[Site "Internet Chess Club"]
[Date "2021.04.25"]
[Round "7"]
[White "TEITELMAN, AIDEN:K12-15429990"]
[Black "LENCZ, ETHAN:K12-15209290"]
[Result "1-0"]
[ICCResult "Black checkmated"]
[WhiteElo "1710"]
[BlackElo "1070"]
[Opening "Nimzo-Indian: classical, Noa variation"]
[ECO "E34"]
[NIC "NI.23"]
[Time "15:01:05"]
[PlyCount "65"]
[TimeControl "1500+5"]

1. d4 Nf6 2. c4 e6 3. Nc3 Bb4 4. Qc2 d5 5. Nf3 h6 6. e3 O-O 7. Be2 b6 8.
cxd5 exd5 9. O-O c5 10. Bd2 Nc6 11. a3 Ba5 12. Rfd1 Bg4 13. dxc5 bxc5 14.
Qa4 Qc7 15. Nxd5 Nxd5 16. Qxg4 Nf6 17. Qa4 Bxd2 18. Nxd2 Ne5 19. Rac1 Rfd8
20. b4 Nfd7 21. Qc2 Rac8 22. Ne4 c4 23. Nd6 Rb8 24. Qf5 Rb6 25. Rxc4 Nxc4
26. Qxf7+ Kh8 27. Nf5 Rg8 28. Bxc4 Rbb8 29. Rxd7 Qe5 30. Nxh6 Qa1+ 31. Bf1
Rbf8 32. Qh5 Qf6 33. Nf7# { Black checkmated } 1-0

[Event "ICC tourney 2532 (25 5)"]
[Site "Internet Chess Club"]
[Date "2021.04.25"]
[Round "7"]
[White "NOZAKI, MAO:K12-14766721"]
[Black "EDMUND MICHIGAN, JOHNATHAN:K12-16974541"]
[Result "1/2-1/2"]
[ICCResult "Game drawn by mutual agreement"]
[WhiteElo "1715"]
[BlackElo "1054"]
[Opening "QGA: 4...e6"]
[ECO "D26"]
[NIC "QG.05"]
[Time "15:01:57"]
[PlyCount "116"]
[TimeControl "1500+5"]

1. d4 d5 2. c4 dxc4 3. Nf3 e6 4. e3 Nf6 5. Bxc4 a6 6. O-O Bd7 7. Nc3 b5 8.
Bd3 c5 9. Ne4 Nxe4 10. Bxe4 Bc6 11. Bc2 Be7 12. dxc5 Bxc5 13. Qxd8+ Kxd8
14. Ne5 Ke7 15. Rd1 f6 16. Nxc6+ Nxc6 17. a3 g6 18. b4 Bd6 19. Bb2 Be5 20.
Bxe5 Nxe5 21. Be4 Rad8 22. Bb7 Rxd1+ 23. Rxd1 Nc4 24. Bxa6 Nxa3 25. Ra1 Rd8
26. h4 Nc2 27. Rc1 Nxb4 28. Bxb5 h5 29. Rc7+ Kf8 30. Kh2 Nd5 31. Rc6 Ke7
32. Kg3 Rd7 33. Rc8 Rb7 34. Bd3 f5 35. Rh8 Kf6 36. Rf8+ Rf7 37. Rd8 Ra7 38.
Kf3 Nb4 39. Bb5 Rb7 40. Ba4 Ra7 41. Bb3 Ra3 42. Bd1 Ra7 43. Be2 Ke7 44. Rb8
Nc6 45. Rb6 Rc7 46. Kf4 Kf6 47. Bc4 Nd8 48. Bb3 Rb7 49. Rxb7 Nxb7 50. e4
e5+ 51. Kf3 Nc5 52. Bd5 f4 53. g3 g5 54. hxg5+ Kxg5 55. Bc4 fxg3 56. fxg3
h4 57. gxh4+ Kxh4 58. Bd5 Kg5 { Game drawn by mutual agreement } 1/2-1/2

[Event "ICC tourney 2532 (25 5)"]
[Site "Internet Chess Club"]
[Date "2021.04.25"]
[Round "7"]
[White "BHAVIKATTI, NEIL:K12-14919064"]
[Black "WERNER CHASIN, NICO:K12-14955471"]
[Result "0-1"]
[ICCResult "White resigns"]
[WhiteElo "2118"]
[BlackElo "2392"]
[Opening "Sicilian defense"]
[ECO "B40"]
[NIC "SI.43"]
[Time "15:00:38"]
[PlyCount "102"]
[TimeControl "1500+5"]

1. e4 c5 2. Nf3 e6 3. g3 Nc6 4. Bg2 Nf6 5. Qe2 d6 6. O-O Be7 7. b3 O-O 8.
Bb2 d5 9. d3 b5 10. e5 Nd7 11. c4 bxc4 12. bxc4 Nb6 13. Nc3 Ba6 14. Nb5
dxc4 15. dxc4 Na5 16. Rfd1 Qb8 17. Bc3 Naxc4 18. a4 Qc8 19. Rdb1 Rb8 20.
Nxa7 Qd7 21. Nb5 Rfd8 22. Rd1 Qc8 23. Rxd8+ Bxd8 24. Qe4 Qd7 25. Nd6 Nxd6
26. exd6 Nd5 27. Be5 f6 28. Bf4 Rb4 29. Qc2 Nxf4 30. gxf4 Qxd6 31. Rd1 Qe7
32. f5 e5 33. Rd5 Bc4 34. Rd2 Ba5 35. Qe4 Qe8 36. Bf1 Bf7 37. Qe3 Rg4+ 38.
Bg2 Bxd2 39. Nxd2 Qc6 40. f3 Rxa4 41. f4 Qd6 42. fxe5 Qxe5 43. Qxe5 fxe5
44. Ne4 Ra1+ 45. Kf2 Ra2+ 46. Kg3 Rxg2+ 47. Kxg2 Bd5 48. Kf3 Kf7 49. Ke3
Bxe4 50. Kxe4 Kf6 51. h4 h5 { White resigns } 0-1

[Event "ICC tourney 2532 (25 5)"]
[Site "Internet Chess Club"]
[Date "2021.04.25"]
[Round "7"]
[White "BHOWMIK, AKASH:K12-14722632"]
[Black "DHAR, SUMIT:K12-15188271"]
[Result "0-1"]
[ICCResult "White resigns"]
[WhiteElo "1736"]
[BlackElo "2167"]
[Opening "Queen's pawn: London system"]
[ECO "A45"]
[NIC "QP.07"]
[Time "15:01:39"]
[PlyCount "100"]
[TimeControl "1500+5"]

1. d4 Nf6 2. Bf4 g6 3. Nc3 d5 4. e3 Bg7 5. h4 a6 6. Be2 h5 7. Nf3 c5 8. Ne5
Nc6 9. a3 cxd4 10. exd4 Qb6 11. Nxc6 Qxc6 12. Qd2 b5 13. Bf3 Bf5 14. O-O
O-O 15. Bh6 Rfc8 16. Bxg7 Kxg7 17. Rfc1 Rab8 18. Ne2 Be4 19. Bxe4 Nxe4 20.
Qe3 Qf6 21. g3 Nd6 22. Rab1 a5 23. Nf4 e6 24. Nd3 Nf5 25. Qe2 Nxd4 26. Qd1
Rc7 27. c3 Nf5 28. Qd2 Rc4 29. Ne1 Rg4 30. Ng2 Nxh4 31. gxh4 Qf3 32. Kf1
Qxg2+ 33. Ke2 Qe4+ 34. Kf1 Rxh4 35. Qd4+ Qxd4 36. cxd4 Rxd4 37. Rc6 Rc4 38.
Ra6 a4 39. Ra7 Rbc8 40. Rb7 R4c5 41. Re1 R8c7 42. Rb6 d4 43. Kg2 Rd5 44.
Re2 d3 45. Rd2 Rc2 46. Rxc2 dxc2 47. Rc6 Rd2 48. Kf3 c1=Q 49. Rxc1 Rxb2 50.
Rc3 Rb3 { White resigns } 0-1

[Event "ICC tourney 2532 (25 5)"]
[Site "Internet Chess Club"]
[Date "2021.04.25"]
[Round "7"]
[White "SHAH, MAHAVIR:K12-14742490"]
[Black "BOULIS, CHRISTOS:K12-16494901"]
[Result "0-1"]
[ICCResult "White resigns"]
[WhiteElo "677"]
[BlackElo "1506"]
[Opening "French: King's Indian attack"]
[ECO "C00"]
[NIC "FR.02"]
[Time "15:01:06"]
[PlyCount "142"]
[TimeControl "1500+5"]

1. e4 e6 2. d3 d5 3. f3 Bd6 4. Ne2 Nf6 5. Nbc3 b6 6. Nb5 Be7 7. Bf4 Na6 8.
Ned4 Bb7 9. Be5 c5 10. Ne2 O-O 11. Ng3 Nd7 12. Bf4 e5 13. Be3 d4 14. Bd2 g6
15. Be2 Bf6 16. O-O Bg7 17. c3 Bc6 18. Na3 Kh8 19. cxd4 exd4 20. Qe1 Re8
21. b4 Qe7 22. Rb1 cxb4 23. Bxb4 Nxb4 24. Qxb4 Ne5 25. Qxe7 Rxe7 26. Rb4
Rc8 27. Rc1 Bb7 28. Rxc8+ Bxc8 29. f4 Nc6 30. Rc4 Bb7 31. Bf3 Na5 32. Rc2
Ba6 33. Be2 Re8 34. Rc7 Nb7 35. Rxf7 Kg8 36. Rd7 Nc5 37. Rxa7 Bxd3 38. Bxd3
Nxd3 39. Rb7 Ra8 40. e5 Nxf4 41. Nc2 Rxa2 42. Nxd4 Rxg2+ 43. Kf1 Bxe5 44.
Nf3 Bf6 45. Rxb6 Kg7 46. Ne4 Bd8 47. Rb7+ Kh6 48. Rf7 Rg4 49. h3 Nxh3 50.
Nf6 Bxf6 51. Rxf6 Rf4 52. Rxf4 Nxf4 53. Kf2 g5 54. Kg3 Kg6 55. Kg4 h5+ 56.
Kg3 Kf5 57. Nd4+ Ke4 58. Nc2 Ne2+ 59. Kg2 Nd4 60. Ne1 h4 61. Kh2 Nf3+ 62.
Nxf3 Kxf3 63. Kg1 g4 64. Kh2 g3+ 65. Kg1 g2 66. Kh2 Kf2 67. Kh3 g1=Q 68.
Kxh4 Kf3 69. Kh5 Kf4 70. Kh6 Kf5 71. Kh7 Kf6 { White resigns } 0-1